 Dungeon Crawl Stone Soup version 0.27.0-1-g7a089689b8 (webtiles) character file.

Game seed: 13133972881793083752

79 tilp the Magician (level 4, -4/33 HPs)
             Began as a Djinni Wanderer on Aug 2, 2021.
             Slain by a gnoll (9 damage)
             ... on level 2 of the Dungeon.
             The game lasted 00:04:52 (2442 turns).

tilp the Magician (Djinni Wanderer)                 Turns: 2442, Time: 00:04:53

Health: -4/33      AC:  3    Str: 11    XL:     4   Next: 62%
Gold:   64         EV: 10    Int: 12    God:
                   SH:  4    Dex: 15

rFire    + + .     SeeInvis .   a - +0 hand axe (flame)
rCold    x . .     Faith    .   c - +0 buckler
rNeg     . . .     Spirit   .   d - +0 robe
rPois    ∞         Reflect  .   (no helmet)
rElec    .         Harm     .   (no cloak)
rCorr    .         Rampage  .   h - +0 pair of gloves
Will     .....                  (boots unavailable)
Stlth    +.........             (no amulet)
HPRegen  0.11/turn              (no ring)
MPRegen  0.00/turn              (no ring)

@: flying
A: sickness immunity, fire resistance 2, cold vulnerability 1, float, innate
caster, hp casting, extra vitality 1
a: no special abilities


You were on level 2 of the Dungeon.
You visited 1 branch of the dungeon, and saw 2 of its levels.

You collected 64 gold pieces.

Inventory:

Hand Weapons
 a - a +0 hand axe of flaming (weapon)
 j - a +0 dagger of electrocution
Armour
 c - a +0 buckler (worn)
 d - a +0 robe (worn)
 h - a +0 pair of gloves (worn)
Jewellery
 g - a +6 ring of dexterity
Wands
 b - a wand of flame (11) (quivered)
Scrolls
 e - a scroll of blinking {unknown}
 f - a scroll of brand weapon
 k - a scroll of fear {unknown}
 l - a scroll of enchant weapon {unknown}
 m - a scroll of magic mapping {unknown}
Potions
 i - a potion of degeneration {unknown}


   Skills:
 - Level 2.0 Fighting
 - Level 2.4 Axes
 - Level 2.0 Armour
 - Level 2.0 Shields
 + Level 2.9 Spellcasting
 - Level 2.0 Evocations


You had 7 spell levels left.
You knew the following spells:

 Your Spells              Type           Power      Damage    Failure   Level
a - Animate Skeleton      Necr           16%        N/A       10%         1
Your spell library was empty.

Dungeon Overview and Level Annotations

Branches:
Dungeon (2/15)

Altars:
Wu Jian


Innate Abilities, Weirdness & Mutations

You are immune to sickness and miasma.
You are immune to poison.
Your flesh is very heat resistant. (rF++)
You are vulnerable to cold. (rC-)
You float through the air rather than walking.
You learn spells naturally, not from books.
Your magical power is your life essence.
You have superior vitality. (+4 HP)


Message History

A gnoll is nearby!
You start waiting.
A gnoll is nearby!
The gnoll hits you from afar with a +0 spear.
The gnoll barely misses you.
You hit the gnoll. You burn the gnoll.
The gnoll is moderately wounded.
The gnoll hits you with a +0 spear.
You hit the gnoll but do no damage.
The gnoll is moderately wounded.
The gnoll barely misses you.
You barely miss the gnoll.
The gnoll is moderately wounded.
The gnoll completely misses you.
You closely miss the gnoll.
The gnoll is moderately wounded.
You block the gnoll's attack.
You barely miss the gnoll.
The gnoll is moderately wounded.
The gnoll barely misses you. You block the gnoll's attack.
You hit the gnoll but do no damage.
The gnoll is moderately wounded.
The gnoll hits you with a +0 spear!
You hit the gnoll. You burn the gnoll.
The gnoll is severely wounded.
You block the gnoll's attack.
You barely miss the gnoll.
The gnoll is severely wounded.
The gnoll hits you with a +0 spear!
* * * LOW HITPOINT WARNING * * *
You hit the gnoll. You burn the gnoll.
You kill the gnoll!
You closely miss the gnoll.
The gnoll is heavily wounded.
The gnoll hits you with a +0 flail.
* * * LOW HITPOINT WARNING * * *
You closely miss the gnoll.
The gnoll is heavily wounded.
The gnoll hits you with a +0 flail!
You die...

..........g.....................#
.............#..)..####...#.....#
..gg...............# ###..#....#
##.##..)...###.....#### ##......#
...####..#####........#####.....#
...#####..#.....................#
#..##.......#######.....####....#
......###...#######g###........##
.....####.#.#...@g..# ########.##
.....##.......####### #.....#
........#.#.######## #......
(.....###.#.##.....# #.._...
.....## #.#..#.....# #......
...........#.......# #.....#
............##.....##########....
.....####................).......
.....# ######..>..##########....


You could see 2 gnolls.

Vanquished Creatures
  A gnoll (D:2)
  2 adders
  A dart slug (D:2)
  A ball python (D:1)
  4 bats
  An endoplasm (D:1)
  3 giant cockroaches
  4 goblins
  6 hobgoblins
  10 jackals
  2 quokkas
  A frilled lizard (D:1)
  2 kobolds
  2 rats (D:1)
40 creatures vanquished.

Vanquished Creatures (collateral kills)
  A goblin (D:2)
1 creature vanquished.

Vanquished Creatures (others)
  A jackal (D:2)
1 creature vanquished.

Grand Total: 42 creatures vanquished

Notes
Turn   | Place    | Note
-------+----------+-------------------------------------------
     0 | D:1      | tilp the Djinni Wanderer began the quest for the Orb.
     0 | D:1      | Reached XP level 1. HP: 15/15 MP: 0/0
   226 | D:1      | Reached skill level 1 in Fighting
   333 | D:1      | Reached XP level 2. HP: 22/22 MP: 0/0
   973 | D:1      | Reached XP level 3. HP: 25/28 MP: 0/0
   973 | D:1      | Learned a level 1 spell: Animate Skeleton
  1887 | D:2      | Reached XP level 4. HP: 28/33 MP: 0/0
  2200 | D:2      | Found an ornate altar of the Wu Jian Council.
  2442 | D:2      | Slain by a gnoll

Illustrated notes

Levels and vault maps discovered:
D:1:      tarquinn_simple_flora_water_d, layout_loops_ring, minmay_tromino_i4
D:2:      layout_rooms, ebering_ecumenical_altar_mist, basic_altar

Skill      XL: |  1  2  3 |
---------------+----------+-----
Fighting       | 1 2 |  2.0
Shields        | 2 |  2.0
Evocations     | 2 |  2.0
Axes           | |  2.4
Armour         | |  2.0
Spellcasting   | |  2.9

Action                   |  1- 3 |  4- 6 || total
-------------------------+-------+-------++-------
Melee: Hand axe          |   110 |    39 ||   149
 Cast: Animate Skeleton  |     1 |     2 ||     3
Evoke: Wand              |     1 |     3 ||     4
  Use: Scroll            |     3 |       ||     3
 Stab: Sleeping          |     2 |       ||     2
Armor: Robe              |    37 |     4 ||    41
Dodge: Dodged            |    68 |    22 ||    90
Block: Buckler           |    27 |    10 ||    37
